 Dungeon Crawl Stone Soup version 0.23-a0-625-g1d2cd9b (webtiles) character file.

641 KnightedAnt the Skirmisher (level 7, 2/56 HPs)
             Began as a Formicid Abyssal Knight on Dec 24, 2018.
             Was a Believer of Lugonu.
             Quit the game on level 4 of the Dungeon.
             The game lasted 00:10:17 (4201 turns).

KnightedAnt the Skirmisher (FoAK)                   Turns: 4201, Time: 00:10:18

Health: 2/56       AC:  9    Str: 17    XL:     7   Next: 81%
Magic:  10/10      EV: 12    Int: 11    God:    Lugonu [**....]
Gold:   276        SH:  0    Dex: 10    Spells: 6/6 levels left

rFire    . . .     SeeInvis +   B - +0 glaive (freeze)
rCold    . . .     Gourm    .   (no shield)
rNeg     + . .     Faith    .   l - +0 troll leather armour
rPois    .         Spirit   .   (helmet unavailable)
rElec    .         Reflect  .   x - +0 cloak
rCorr    .         Harm     .   A - +0 pair of gloves
MR       +....                  (no boots)
Stlth    +.........             (no amulet)
HPRegen  0.58/turn              g - ring of positive energy
MPRegen  0.12/turn              w - ring of protection from magic

@: mildly poisoned (2 -> 2)
A: permanent stasis, dig shafts and tunnels, four strong arms, antennae 3,
yellow scales 1, weak 1
a: Dig, Shaft Self, Depart the Abyss, Bend Space, Renounce Religion


You were on level 4 of the Dungeon.
You worshipped Lugonu.
Lugonu was pleased with you.
You were not hungry.

You visited 1 branch of the dungeon, and saw 5 of its levels.
You visited the Abyss 1 time.

You collected 276 gold pieces.

Inventory:

Hand Weapons
 a - a +1 falchion
 B - a +0 glaive of freezing (weapon)
 C - a +0 long sword
Missiles
 v - 28 bolts
Armour
 b - a +0 leather armour
 d - a +0 plate armour
 l - a +0 troll leather armour (worn)
 x - a +0 cloak (worn)
 A - a +0 pair of gloves (worn)
Jewellery
 g - a ring of positive energy (left hand)
 w - a ring of protection from magic (right hand)
 z - an uncursed ring of protection from cold
Scrolls
 f - a scroll of random uselessness {unknown}
 h - 6 scrolls of identify {unknown}
 j - 3 scrolls of fog {unknown}
 k - 5 scrolls of teleportation {unknown}
 n - a scroll of remove curse {unknown}
 p - a scroll of enchant armour {unknown}
 r - a scroll of immolation {unknown}
 t - a scroll of fear {unknown}
Potions
 e - a potion of degeneration {unknown}
 i - 2 potions of ambrosia {unknown}
 m - 2 potions of mutation
 o - 3 potions of curing {unknown}
 q - a potion of magic {unknown}
 s - a potion of resistance {unknown}
 u - 2 potions of lignification {unknown}
Comestibles
 c - 9 rations
 D - 2 chunks of flesh


   Skills:
 + Level 5.0 Fighting
 + Level 4.0 Long Blades
 + Level 4.3 Armour
 + Level 3.2 Dodging
 + Level 4.6 Invocations


You had 6 spell levels left.
You didn't know any spells.
Your spell library was empty.

Dungeon Overview and Level Annotations

Branches:
Dungeon (5/15)
 Temple: D:4-7

Altars:
Trog
The Shining One


Innate Abilities, Weirdness & Mutations

You cannot be hasted, slowed, berserked, paralysed or teleported.
You can dig through walls and to a lower floor.
Your four strong arms can wield two-handed weapons with a shield.
You have a pair of large antennae on your head. (SInv)
You are partially covered in yellow scales. (AC +2)
You are weak. (Str -2)


Message History

The adder bites you but does no damage. The iguana bites you!
* * * LOW HITPOINT WARNING * * *
The adder bites you but does no damage.
It was a potion of mutation.
You feel extremely strange.
You feel weaker.
Yellow scales grow over part of your body.
You feel sick. The iguana closely misses you.
The adder bites you but does no damage.
Quiver which item? (- for none, * to show all) (? for menu, Esc to quit)
You don't have any such object.
Quiver which item? (- for none, * to show all) (? for menu, Esc to quit)
Huh?
Quiver which item? (- for none, * to show all) (? for menu, Esc to quit)
Okay, then.
Quiver which item? (- for none, * to show all) (? for menu, Esc to quit)
Okay, then.
Okay, then.
Quiver which item? (- for none, * to show all) (? for menu, Esc to quit)
Okay, then.
Are you sure you want to abandon this character and quit the game? (Confirm

#...##.######........#.#
#...##.#..# #.#.####.#.#
######.###.#..# #.#......#.#
.......# #.#..# #.#.###..#.#
##########.#..# #.#...#..#.#
#......#..# #.#.#.#..#.#
#......#..# #.#...#..#.#
#####......#..###S#.###..#.#
....+...........@........#.#
#####........##l##....###..#
.......#.#...##.#....##....#
.#####.#.#...##.....##.....#
.........#...##....##....#.#
.#.#.#...#.#......##.....#.#
.#<#.#...#.#.....##....#.#.#
.###.#...#.....###.........#
.....#...#.##.#.############


You could see an iguana and an adder.

Vanquished Creatures
  A phantom (D:4)
  An ogre (D:4)
  A bullfrog (D:5)
  A scorpion (D:4)
  An orc priest (D:4)
  2 hounds
  2 orc wizards (D:4)
  A worker ant (D:4)
  An iguana (D:4)
  4 gnolls
  4 adders
  2 worms (D:2)
  5 dart slugs
  3 leopard geckos
  5 orcs
  2 giant cockroaches (D:1)
  13 goblins
  9 hobgoblins
  3 jackals
  4 kobolds
  A quokka (D:2)
  A ball python (D:2)
  8 bats
  6 frilled lizards
  A jackal skeleton (D:4)
  A quokka skeleton (D:5)
  9 rats
92 creatures vanquished.

Notes
Turn   | Place    | Note
-------+----------+-------------------------------------------
     0 | Abyss:1  | KnightedAnt the Formicid Abyssal Knight began the quest for
                  | the Orb.
     0 | Abyss:1  | Reached XP level 1. HP: 18/18 MP: 2/2
     2 | Abyss:1  | Found a corrupted altar of Lugonu.
    38 | Abyss:1  | Noticed a sixfirhy
    40 | D:1      | Escaped the Abyss
    76 | D:1      | Reached skill level 1 in Dodging
    83 | D:1      | Reached XP level 2. HP: 18/24 MP: 3/3
   189 | D:1      | Reached * piety under Lugonu
   254 | D:1      | Reached XP level 3. HP: 21/29 MP: 4/4
  1020 | D:2      | Reached XP level 4. HP: 37/37 MP: 6/6
  1328 | D:2      | Reached ** piety under Lugonu
  1516 | D:2      | Reached XP level 5. HP: 38/42 MP: 7/7
  1666 | D:2      | Found a bloodstained altar of Trog.
  2048 | D:3      | Reached skill level 4 in Fighting
  2073 | D:3      | Found a glowing golden altar of the Shining One.
  2146 | D:3      | Found a glowing golden altar of the Shining One.
  2774 | D:4      | Reached XP level 6. HP: 12/48 MP: 8/8
  3160 | D:4      | Noticed an ogre
  3213 | D:4      | Killed an ogre
  3423 | D:4      | Reached XP level 7. HP: 36/55 MP: 10/10
  4104 | D:5      | Entered Level 5 of the Dungeon
  4174 | D:5      | Noticed a brown ugly thing
  4179 | D:5      | Reached skill level 5 in Fighting
  4199 | D:4      | HP: 2/56 [iguana (7)]
  4200 | D:4      | Gained mutation: You are weak. (Str -2) [potion of
                  | mutation]
  4200 | D:4      | Gained mutation: You are partially covered in yellow
                  | scales. (AC +2) [potion of mutation]
  4201 | D:4      | Quit the game

Vault maps used:
D:1:      eino_arrival_tree_alley
D:2:      first_ration, st_stairs_3, trog_three_pillars_becter
D:3:      nicolae_overflow_hidden_temple, minmay_misc_feat_diagonals,
          minmay_misc_feat_five, nicolae_tso_carved_into_rock
D:4:      minmay_chambers_of_fours, minmay_temple_entry_nine_rooms,
          nrook_mini_backslash, corner_web_ring
D:5:      cheibrodos_fzero, chequers_ossuary_entry_cave,
          kennysheep_generic_room_14

Skill      XL: |  1  2  3  4  5  6  7 |
---------------+----------------------+-----
Dodging        | 1 2 3 |  3.2
Invocations    | 3 4 |  4.6
Armour         | 3 4 |  4.3
Fighting       | 4 5 |  5.0
Long Blades    | 3 4 |  4.0

Action                   |  1- 3 |  4- 6 |  7- 9 || total
-------------------------+-------+-------+-------++-------
Melee: Falchion          |    94 |   188 |    52 ||   334
       Glaive            |       |       |    20 ||    20
Invok: Depart the Abyss  |     1 |       |       ||     1
       Bend Space        |       |       |     1 ||     1
 Abil: Dig               |       |     3 |       ||     3
  Use: Potion            |       |       |     1 ||     1
  Eat: Chunk             |       |     9 |     2 ||    11
Armor: Plate armour      |   112 |    23 |       ||   135
       Leather armour    |     1 |       |       ||     1
       Troll leather arm |       |    34 |    24 ||    58
Dodge: Dodged            |    35 |   111 |    55 ||   201
       Rpst.: Falchion   |    10 |    29 |    11 ||    50

Table legend:
 A = Non-vault XP
 B = Vault XP
 C = Vault XP percentage of total XP
 D = Non-vault monster count
 E = Vault monster count
 F = Vault count percentage of total count
                 A         B        C        D         E       F
            +---------+---------+-------+---------+---------+-------
      Total |     819 |      97 |  10.6 |      86 |       6 |   6.5
            +---------+---------+-------+---------+---------+-------
        D:1 |      59 |       0 |   0.0 |      28 |       0 |   0.0
        D:2 |      93 |       4 |   4.1 |      27 |       2 |   6.9
        D:3 |      73 |       0 |   0.0 |      14 |       0 |   0.0
        D:4 |     594 |       4 |   0.7 |      17 |       2 |  10.5
        D:5 |       0 |      89 | 100.0 |       0 |       2 | 100.0
            +---------+---------+-------+---------+---------+-------
